 Dungeon Crawl Stone Soup version bcrawl-1.13.4 (webtiles) character file.

Game seed: 12028810161207727006

86 Felnil the Shooter (level 4, -3/26 HPs)
             Began as a Skeleton Hunter on Aug 15, 2019.
             Slain by an orc warrior
             ... wielding a +0 battleaxe
              (15 damage)
             ... on level 3 of the Dungeon.
             The game lasted 00:06:06 (1511 turns).

Felnil the Shooter (Skeleton Hunter)                Turns: 1511, Time: 00:06:06

Health: -3/26      AC:  6    Str: 21    XL:     4   Next: 27%
Magic:  0/4        EV: 11    Int:  9    God:
Gold:   69         SH:  0    Dex: 10    Spells: 3/3 levels left

rFire    . . .     SeeInvis .   a - +1 shortbow
rCold    + . .     Gourm    .   (shield currently unavailable)
rNeg     + + +     Faith    .   f - +1 ring mail
rPois    ∞         Spirit   +   (no helmet)
rElec    .         Reflect  .   (no cloak)
rCorr    .         Harm     .   (no gloves)
MR       .....                  (no boots)
Stlth    +.........             (no amulet)
HPRegen  0.08/turn              e - +2 ring of strength
MPRegen  0.09/turn              (no ring)

@: no status effects
A: no food or potions, cold resistance 1, deterioration 1, negative energy
resistance 3, torment resistance, unbreathing, magic shield, sturdy frame 1,
spell healing
a: no special abilities


You were on level 3 of the Dungeon.
You were not hungry.

You visited 1 branch of the dungeon, and saw 3 of its levels.

You collected 69 gold pieces.

Inventory:

Hand Weapons
 a - a +1 shortbow (weapon)
 b - a +0 short sword
Missiles
 d - 304 arrows (quivered)
Armour
 f - a +1 ring mail (worn)
Jewellery
 e - a +2 ring of strength (left hand)
Scrolls
 g - 2 scrolls of identify


   Skills:
 - Level 2.0 Fighting
 + Level 7.0 Bows
 - Level 2.0 Dodging
 - Level 1.2 Stealth


You had 3 spell levels left.
You didn't know any spells.
Your spell library was empty.

Dungeon Overview and Level Annotations

Branches:
Dungeon (3/12)

Altars:


Innate Abilities, Weirdness & Mutations

You do not eat or drink.
You are immune to poison.
Your flesh is cold resistant. (rC+)
Your body sometimes deteriorates upon taking damage.
You are immune to negative energy. (rN+++)
You are immune to unholy pain and torment.
You can survive without breathing.
When hurt, damage is shared between your health and your magic reserves.
Your movements are slightly less encumbered by armour. (ER -2)
Casting spells heals you.


Message History

Aim: an orc warrior, wielding a +0 battleaxe and wearing a +0 plate armour You shoot an arrow.
The arrow closely misses the orc warrior.
The jackal closely misses you. The orc barely misses you.
The orc wizard hits you with a +0 dagger.
The orc warrior hits you with a +0 battleaxe!
The jackal bites you but does no damage.
You are too injured to fight recklessly!
You are too injured to fight recklessly!
You are too injured to fight recklessly!
You are too injured to fight recklessly!
As you read the scroll labeled YRCHIY LUWKOTIC, it crumbles to dust.
It is a scroll of enchant armour.
Your +0 ring mail glows green for a moment.
The orc hits you but does no damage.
The jackal bites you but does no damage.
The orc wizard closely misses you. The jackal bites you.
The orc warrior hits you with a +0 battleaxe!
Ouch! That really hurt!
You die...

..+.......
..#....... .
..l......# ..
.........###.K.
....o..........
....S.oK...[...
.....oooo......
.....oo@h......
########h......
.!o.... .....[.
.###### %# .#
##


You could see an orc warrior, 3 orc wizards, an adder, 5 orcs, 2 jackals, 2
kobolds and a frilled lizard.

Vanquished Creatures
  4 oozes (D:1)
  2 worms (D:2)
  2 dart slugs (D:2)
  3 leopard geckos
  5 bats
  5 giant cockroaches
  4 goblins
  3 hobgoblins (D:2)
  6 jackals (D:1)
  A ball python (D:1)
  9 kobolds
  9 rats
53 creatures vanquished.

Notes
Turn   | Place    | Note
-------+----------+-------------------------------------------
     0 | D:1      | Felnil the Skeleton Hunter began the quest for the Orb.
     0 | D:1      | Reached XP level 1. HP: 12/12 MP: 1/1
     1 | D:1      | Found a runed door.
    37 | D:1      | Reached skill level 5 in Bows
    68 | D:1      | Reached XP level 2. HP: 15/17 MP: 2/2
   226 | D:1      | Reached skill level 6 in Bows
   241 | D:1      | Reached XP level 3. HP: 6/21 MP: 1/3
  1128 | D:2      | Reached XP level 4. HP: 26/26 MP: 4/4
  1276 | D:2      | Reached skill level 7 in Bows
  1506 | D:3      | Noticed an orc warrior
  1511 | D:3      | Slain by an orc warrior

Skill      XL: |  1  2  3  4 |
---------------+-------------+-----
Bows           | 5 6 7 |  7.0
Fighting       | |  2.0
Dodging        | |  2.0
Stealth        | |  1.2

Action                   |  1- 3 |  4- 6 || total
-------------------------+-------+-------++-------
 Fire: Shortbow          |    99 |    36 ||   135
  Use: Scroll            |     5 |     1 ||     6
Armor: Leather armour    |     9 |       ||     9
       Ring mail         |     9 |     5 ||    14
Dodge: Dodged            |    26 |     7 ||    33
